 Dungeon Crawl Stone Soup version 0.25-a0-785-gb22c70e (webtiles) character file.

Game seed: 8338655417356932515, levelgen mode: deterministic

728 Kurtz the Chopper (level 7, 0/52 HPs)
             Began as a Mummy Chaos Knight on Apr 17, 2020.
             Was a Plaything of Xom.
             Slain by a wyvern (9 damage)
             ... on level 5 of the Dungeon.
             The game lasted 00:05:09 (4654 turns).

Kurtz the Chopper (Mummy Chaos Knight)              Turns: 4654, Time: 00:05:09

Health: 0/52       AC:  8    Str: 19    XL:     7   Next: 44%
Magic:  7/7        EV: 10    Int: 11    God:    Xom [.....*]
Gold:   224        SH:  0    Dex: 12    Spells: 6/6 levels left

rFire    x . .     SeeInvis .   n - +2 hand axe (flame)
rCold    + . .     Gourm    .   (no shield)
rNeg     + + +     Faith    .   d - +0 scale mail
rPois    ∞         Spirit   .   t - +1 helmet
rElec    .         Reflect  .   (no cloak)
rCorr    .         Harm     .   (no gloves)
MR       .....                  (no boots)
Stlth    ..........             (no amulet)
HPRegen  0.17/turn              q - +2 ring of strength
MPRegen  0.10/turn              (no ring)

@: no status effects
A: no food or potions, fire vulnerability, cold resistance 1, negative energy
resistance 3, torment resistance, unbreathing
a: Renounce Religion


You were on level 5 of the Dungeon.
You worshipped Xom.
You were Xom's teddy bear.
You were not hungry.

You visited 1 branch of the dungeon, and saw 5 of its levels.
You also visited: Sewer.

You collected 224 gold pieces.

Inventory:

Hand Weapons
 a - a +0 hand axe of chaos
 n - a +2 hand axe of flaming (weapon)
 v - a +3 hand axe
Missiles
 m - a poisoned dart (quivered)
Armour
 b - a +2 leather armour
 d - a +0 scale mail (worn)
 t - a +1 helmet (worn)
 u - a +0 pair of gloves
Jewellery
 q - a +2 ring of strength (left hand)
Wands
 l - a wand of iceblast (10)
 r - a wand of acid (11)
 s - a wand of paralysis (7)
Scrolls
 c - 2 scrolls of enchant armour {unknown}
 e - 2 scrolls of blinking {unknown}
 f - 4 scrolls of identify {unknown}
 g - a scroll of fog {unknown}
 h - a scroll of teleportation {unknown}
 i - 3 scrolls of remove curse {unknown}
 j - a scroll of magic mapping {unknown}
 k - 3 scrolls of amnesia {unknown}
 o - a scroll of enchant weapon {unknown}
 p - a scroll of noise {unknown}


   Skills:
 + Level 3.6 Fighting
 * Level 6.8 Axes
 - Level 1.5 Armour
 - Level 2.0 Dodging


You had 6 spell levels left.
You didn't know any spells.
Your spell library was empty.

Dungeon Overview and Level Annotations

Branches:
Dungeon (5/15)             Temple (0/1) D:4           Sewer (visited)

Altars:
Ashenzari
Ru


Innate Abilities, Weirdness & Mutations

You do not eat or drink.
Your flesh is vulnerable to fire.
You are immune to poison.
Your flesh is cold resistant. (rC+)
You are immune to negative energy. (rN+++)
You are immune to unholy pain and torment.
You can survive without breathing.


Message History

The wyvern is severely wounded.
The wyvern looks more healthy.
The wyvern bites you!
You closely miss the wyvern.
The wyvern is severely wounded.
The wyvern bites you! x2
* * * LOW HITPOINT WARNING * * *
Unknown command.
You closely miss the wyvern.
The wyvern is severely wounded.
The wyvern barely misses you.
You hit the wyvern but do no damage.
The wyvern is severely wounded.
The wyvern bites you.
* * * LOW HITPOINT WARNING * * *
Unknown command.
You hit the wyvern but do no damage.
The wyvern is severely wounded.
The wyvern bites you!
You die...
Xom chuckles heartily!

.>......# .(##.<#
##.....(.# .
##........# ..
###..........
...#..=...(......
..................
...)....l..........
#....@............
#............
##...........
#.....#......
##..###...... #..
#..... ... .....
.... .....


You could see a wyvern.

Vanquished Creatures
  A swamp drake (D:1)
  A centaur (D:4)
  A big kobold (Sewer)
  A howler monkey (D:4)
  3 orc wizards
  A bullfrog skeleton (D:2)
  A worker ant (D:4)
  3 gnolls (D:4)
  7 adders
  8 river rats
  An ooze (D:2)
  3 worms
  2 dart slugs (D:1)
  2 leopard geckos
  13 orcs
  4 ball pythons
  4 bats
  6 giant cockroaches
  6 goblins
  11 hobgoblins
  18 jackals
  A quokka (D:3)
  4 frilled lizards
  A jackal skeleton (D:4)
  12 kobolds
  A quokka skeleton (D:4)
  12 rats
128 creatures vanquished.

Vanquished Creatures (others)
  A jackal (D:1)
  3 fungi (D:1)
4 creatures vanquished.

Grand Total: 132 creatures vanquished

Notes
Turn   | Place    | Note
-------+----------+-------------------------------------------
     0 | D:1      | Kurtz the Mummy Chaos Knight began the quest for the Orb.
     0 | D:1      | Reached XP level 1. HP: 18/18 MP: 1/1
   161 | D:1      | Reached skill level 1 in Dodging
   168 | D:1      | Reached XP level 2. HP: 16/24 MP: 2/2
   187 | D:1      | Reached skill level 3 in Axes
   501 | D:1      | Reached XP level 3. HP: 29/29 MP: 3/3
   521 | D:1      | Noticed a swamp drake
   521 | D:1      | a bat changed into a swamp drake
   535 | D:1      | XOM: potion effect (curing)
   539 | D:1      | XOM: potion effect (heal wounds)
   541 | D:1      | Killed a swamp drake
   541 | D:1      | Reached skill level 4 in Axes
   541 | D:1      | Reached XP level 4. HP: 11/35 MP: 4/4
   967 | D:2      | Reached XP level 5. HP: 31/41 MP: 5/5
  1207 | D:2      | Found a shattered altar of Ashenzari.
  1207 | D:2      | Found a sacrificial altar of Ru.
  1263 | D:2      | XOM: silly message
  1567 | D:2      | You fall into a shaft and drop 1 floor!
  1599 | D:2      | XOM: enchant monster (good)
  1872 | D:3      | Reached skill level 5 in Axes
  1891 | D:3      | XOM: summons friendly ufetubus
  1893 | D:3      | XOM: summons 4 hostile shadow creatures
  1980 | D:3      | XOM: 1-stop teleportation journey
  1995 | D:3      | Reached XP level 6. HP: 17/47 MP: 6/6
  2804 | D:4      | Found a glowing drain.
  2814 | Sewer    | Entered a sewer
  3043 | Sewer    | XOM: noise
  3188 | Sewer    | Found a white marble altar of Elyvilon.
  3316 | D:4      | Reached skill level 6 in Axes
  3457 | D:4      | Found a staircase to the Ecumenical Temple.
  3544 | D:4      | XOM: summons 3 hostile demons
  3562 | D:4      | Reached XP level 7. HP: 38/52 MP: 7/7
  3565 | D:4      | XOM: enchant monster (bad)
  3675 | D:3      | XOM: noise
  3677 | D:4      | XOM: silly message
  3891 | D:4      | XOM: silly message
  4166 | D:4      | XOM: 7-stop teleportation journey
  4642 | D:5      | Entered Level 5 of the Dungeon
  4642 | D:5      | Noticed a wyvern
  4643 | D:5      | XOM is BORED!
  4643 | D:5      | XOM: swap monsters
  4654 | D:5      | Slain by a wyvern

Levels and vault maps discovered:
D:1:      dpeg_arrival_water_fire, layout_rooms
D:2:      layout_loops_ring, gammafunk_temple_overflow_elements
D:3:      layout_basic, chequers_serial_rivers_micro_c, minmay_misc_feat_square,
          kennysheep_boxes
D:4:      layout_basic, minmay_temple_entry_glassed_door, first_ration,
          lightli_sewer_entry_pipes
D:5:      layout_cave_pools, serial_shops, shop_statue,
          okawaru_altar_gauntlet_db

Skill      XL: |  1  2  3  4  5  6 |
---------------+-------------------+-----
Dodging        | 1 2 |  2.0
Axes           | 3 4 5 6 |  6.8
Fighting       | |  3.6
Armour         | |  1.5

Action                   |  1- 3 |  4- 6 |  7- 9 || total
-------------------------+-------+-------+-------++-------
Melee: Hand axe          |    77 |   268 |    91 ||   436
Throw: Dart              |       |       |     6 ||     6
 Stab: Paralysed         |     4 |     5 |       ||     9
       Petrified         |     2 |       |       ||     2
       Petrifying        |     1 |       |       ||     1
Armor: Scale mail        |    52 |    84 |    37 ||   173
Dodge: Dodged            |    41 |   131 |    43 ||   215

Table legend:
 A = Non-vault XP
 B = Vault XP
 C = Vault XP percentage of total XP
 D = Non-vault monster count
 E = Vault monster count
 F = Vault count percentage of total count
                 A         B        C        D         E       F
            +---------+---------+-------+---------+---------+-------
      Total |     817 |     223 |  21.4 |     108 |      20 |  15.6
            +---------+---------+-------+---------+---------+-------
        D:1 |     186 |       0 |   0.0 |      29 |       0 |   0.0
        D:2 |     116 |       0 |   0.0 |      25 |       0 |   0.0
        D:3 |     121 |       0 |   0.0 |      24 |       0 |   0.0
        D:4 |     394 |      69 |  14.9 |      30 |       8 |  21.1
      Sewer |       0 |     154 | 100.0 |       0 |      12 | 100.0
            +---------+---------+-------+---------+---------+-------
